Map: Goldene Säulen LE

Players

makeaturret - Winner!

  • Race: Terran Terran
  • League: Platinum
  • Spawn Location: 7:00

Hydropic

  • Race: Zerg Zerg
  • League: Diamond
  • Spawn Location: 1:00

VOD

Have the link to the VOD?

Description

Time

  • Played on: Jan. 24, 2021, 5:06 p.m.
  • Length: 16:10
Show
View Real Time Build Order
Export as new Build Order

makeaturret Terran - Winner!

Build Orders: Reaper Expand 

Get SALT Encoding   

  12  0:00  SCV  
  13  0:18  Supply Depot  
  13  0:20  SCV  
  14  0:34  SCV  
  15  0:42  Barracks  
  15  0:45  Refinery  
  15  0:46  SCV  
  16  0:59  SCV  
  17  1:11  SCV  
  18  1:23  SCV  
  19  1:34  Command Center  
  19  1:37  Reaper  
  20  1:41  SCV  
  21  1:52  Supply Depot  
  21  1:53  SCV  
  22  2:07  Orbital Command  
  22  2:20  Factory  
  22  2:31  Barracks Reactor  
  22  2:35  SCV  
  22  2:36  Refinery  
  23  2:47  SCV  
  24  2:55  Barracks  
  24  2:57  SCV  
  25  2:59  SCV  
  25  3:02  Supply Depot  
  26  3:09  SCV  
  26  3:10  Factory Tech Lab  
  27  3:13  Marine  
  27  3:14  Marine  
  29  3:20  Starport  
  29  3:22  SCV  
  30  3:27  Supply Depot  
  30  3:28  SCV  
  30  3:32  Marine  
  30  3:33  Marine  
  33  3:40  SCV  
  34  3:43  Siege Tank  
  37  3:49  Refinery  
  37  3:50  Barracks Tech Lab  
  37  3:52  SCV  
  38  3:59  SCV  
  39  4:04  SCV  
  39  4:09  Starport Reactor  
  40  4:11  SCV, Marine x2  
  40  4:15  Stimpack  
  43  4:20  Marauder  
  45  4:28  Command Center, Marine x2  
  47  4:37  SCV x2  
  49  4:41  Widow Mine  
  51  4:46  Marine x2  
  51  4:49  SCV x2  
  55  4:55  Supply Depot  
  55  4:59  Engineering Bay  
  55  5:01  SCV x2  
  55  5:04  Marine x2  
  55  5:05  Medivac  
  61  5:15  SCV  
  61  5:16  SCV, Medivac  
  61  5:17  Refinery  
  61  5:19  Supply Depot  
  65  5:28  Barracks  
  65  5:31  Missile Turret  
  65  5:35  Siege Tank  
  68  5:37  Marauder  
  68  5:40  Marine x2  
  72  5:43  Supply Depot  
  72  5:54  Combat Shield  
  72  5:58  Marine  
  73  6:04  Marine  
  73  6:06  Marauder  
  73  6:07  Liberator  
  79  6:15  Marine  
  80  6:22  Barracks Reactor  
  80  6:27  Marine x2  
  80  6:32  SCV  
  83  6:33  Marine  
  84  6:40  Factory, Barracks  
  84  6:45  Marine  
  84  6:46  Marauder  
  87  6:51  Marine  
  84  7:03  Marine  
  84  7:07  Marine  
  74  7:09  Marine  
  75  7:17  Marine x2  
  75  7:21  Marine  
  67  7:25  Marauder  
  67  7:27  Marine  
  67  7:28  SCV  
  65  7:35  Siege Tank, Marine x2  
  70  7:37  Factory Tech Lab  
  70  7:39  Marine  
  70  7:40  SCV  
  70  7:42  Barracks Reactor  
  72  7:44  Marine  
  72  7:46  Marauder  
  72  7:48  SCV  
  76  7:52  SCV  
  76  7:53  Marine x2  
  79  8:00  SCV  
  79  8:01  Siege Tank  
  79  8:02  Marine x2  
  79  8:04  SCV  
  86  8:07  SCV  
  86  8:08  Marauder  
  86  8:12  SCV  
  90  8:16  Marine  
  90  8:17  Marine  
  92  8:20  Marine  
  92  8:24  Marine  
  92  8:25  Medivac  
  96  8:29  Marauder  
  98  8:34  Marine x2  
  98  8:38  Marine  
  101  8:51  Supply Depot  
  101  8:52  Marine  
  101  8:53  Marine  
  101  8:54  Marine  
  101  9:01  Supply Depot  
  101  9:06  Marine  
  100  9:10  Planetary Fortress, Marine  
  100  9:12  Marine x2  
  100  9:13  Marauder, SCV x2  
  100  9:14  Supply Depot  
  107  9:23  Marine  
  107  9:24  Supply Depot  
  105  9:25  SCV x2  
  105  9:28  Marine  
  105  9:29  Siege Tank  
  110  9:34  Marauder, Marine x2  
  110  9:37  SCV  
  115  9:43  SCV  
  116  9:47  Engineering Bay  
  116  9:50  SCV x2  
  116  9:52  Refinery  
  118  9:55  SCV  
  118  9:56  Marauder  
  121  10:02  SCV  
  122  10:15  Marine  
  122  10:16  Marine x3  
  122  10:17  Marauder  
  104  10:33  Marine x2  
  104  10:34  Marine x2  
  104  10:39  Marauder  
  104  10:40  Siege Tank  
  104  10:41  Siege Tank  
  97  10:45  Bunker  
  97  10:51  Marine x3  
  97  10:52  Marine  
  101  11:00  Marauder, Terran Infantry Armor Level 1  
  101  11:04  Engineering Bay, Liberator  
  100  11:09  Marine x4  
  107  11:13  Siege Tank x2  
  113  11:20  Marine x2  
  113  11:21  Marauder  
  117  11:27  Marine x4  
  117  11:30  Orbital Command  
  121  11:38  Marine x2  
  123  11:42  Marine  
  123  11:43  Terran Infantry Weapons Level 1  
  123  11:44  SCV, Marine  
  123  11:45  Marine x2  
  128  11:56  SCV, Command Center  
  128  12:01  Marauder  
  131  12:07  SCV x2  
  133  12:12  Refinery  
  133  12:34  SCV x2  
  127  12:39  Marine x3  
  127  12:40  Marauder  
  127  12:42  Marine x3  
  127  12:43  Siege Tank x2  
  95  12:57  Marine x3  
  90  12:59  Marine  
  90  13:00  Marine x2  
  90  13:01  Marauder  
  95  13:08  Medivac  
  95  13:09  Medivac  
  99  13:15  Siege Tank x2, Marine x3  
  99  13:17  Marine  
  108  13:23  Marauder  
  101  13:28  Marine  
  101  13:29  Marine  
  90  13:39  Marine  
  76  13:44  Marauder  
  76  13:46  Orbital Command  
  76  13:47  Siege Tank x2  
  74  13:51  Marine x3  
  72  14:05  Marauder  
  74  14:11  Marine  
  74  14:12  Marine x5  
  74  14:13  SCV  
  81  14:17  SCV  
  81  14:19  Siege Tank x2  
  88  14:26  SCV  
  88  14:27  Marauder  
  88  14:29  SCV x2, Marine x2  
  88  14:30  Marine  
  96  14:34  Orbital Command  
  96  14:38  SCV  
  97  14:41  SCV  
  97  14:42  SCV  
  99  14:48  Marauder, Marine x3  
  99  14:49  Marine  
  99  14:50  SCV  
  99  14:51  Siege Tank, Marine  
  99  14:52  Widow Mine  
  112  14:53  SCV  
  113  15:01  Liberator x2  
  119  15:07  Armory  
  119  15:09  Marauder, Supply Depot  
  119  15:13  Widow Mine  
  123  15:20  Marine x3  
  124  15:24  Widow Mine  
  126  15:30  Marine x3  
  126  15:31  Marauder, SCV  
  126  15:35  Widow Mine  
  134  15:37  Marine  
  135  15:43  SCV  
  135  15:48  Marine x4  
  140  15:56  SCV  
Show
View Real Time Build Order
Export as new Build Order

Hydropic Zerg 

Build Orders: Hatch First 

Get SALT Encoding   

  12  0:00  Drone  
  13  0:12  Overlord  
  13  0:18  Drone  
  14  0:30  Drone x2  
  16  0:50  Hatchery  
  16  0:52  Drone  
  16  0:56  Drone  
  17  1:00  Drone  
  18  1:06  Extractor  
  17  1:16  Spawning Pool  
  16  1:19  Drone  
  16  1:23  Drone  
  18  1:28  Drone  
  19  1:40  Overlord  
  19  1:51  Drone  
  20  2:03  Zergling x2  
  20  2:04  Queen, Zergling x2  
  20  2:05  Queen  
  26  2:13  Drone x2  
  28  2:16  Metabolic Boost  
  28  2:40  Drone  
  28  2:41  Drone  
  30  2:45  Hatchery  
  30  2:49  Drone  
  30  2:50  Drone x2  
  31  2:52  Drone  
  31  2:54  Drone  
  33  2:59  Drone  
  33  3:05  Overlord  
  34  3:13  Drone  
  34  3:19  Overlord x2  
  35  3:28  Drone x2  
  35  3:29  Drone x3  
  40  3:34  Queen  
  44  3:44  Drone x2  
  46  3:54  Drone  
  46  3:55  Drone  
  48  3:56  Queen  
  48  3:57  Drone x3  
  48  3:58  Drone  
  48  4:01  Drone x2  
  54  4:11  Baneling Nest  
  54  4:15  Zergling x6  
  56  4:19  Overlord  
  56  4:23  Zergling x4  
  58  4:30  Overlord x3  
  58  4:38  Zergling x2  
  58  4:39  Zergling x2  
  58  4:41  Zergling x4  
  62  4:48  Zergling x2  
  63  4:53  Zergling x4  
  63  4:56  Zergling x2  
  63  4:59  Lair  
  66  5:03  Extractor  
  66  5:05  Zergling x8  
  66  5:06  Zergling x2  
  70  5:08  Drone x3  
  73  5:15  Extractor  
  73  5:16  Drone x3  
  73  5:19  Baneling x2  
  75  5:34  Extractor, Zergling x10  
  79  5:48  Zergling x16  
  87  5:55  Hatchery  
  87  5:56  Evolution Chamber x2  
  84  5:57  Zergling x2  
  84  5:58  Zergling x4  
  84  5:59  Centrifical Hooks  
  87  6:04  Baneling  
  87  6:05  Baneling x4  
  87  6:10  Zergling x2  
  87  6:11  Zergling x4  
  90  6:25  Overlord x2  
  86  6:33  Baneling x8  
  86  6:34  Overlord  
  86  6:39  Overlord x2  
  86  6:49  Zergling x4  
  86  6:50  Zergling x18  
  91  6:57  Zergling x8  
  92  7:05  Zergling x6  
  91  7:11  Zergling x2  
  86  7:16  Zergling x4  
  71  7:24  Zergling x4  
  70  7:31  Zergling x2  
  70  7:33  Queen  
  70  7:36  Zergling x12  
  79  7:38  Hatchery, Baneling x11  
  78  7:44  Queen  
  78  7:51  Zerg Melee Weapons Level 1, Zerg Ground Armor Level 1  
  80  7:52  Zergling x8  
  80  7:56  Zergling x4  
  86  8:01  Zergling x2  
  86  8:02  Zergling x8  
  91  8:09  Zergling x6  
  94  8:16  Zergling x4  
  94  8:19  Queen  
  96  8:20  Zergling x2  
  96  8:21  Zergling x2  
  96  8:26  Zergling x4  
  102  8:33  Zergling x4  
  102  8:34  Overlord x3  
  104  8:42  Infestation Pit, Overlord x4  
  102  8:50  Zergling x14  
  106  9:02  Spore Crawler  
  105  9:05  Zergling x8  
  106  9:11  Overlord, Zergling x2  
  97  9:27  Zergling x2  
  97  9:28  Zergling x14  
  97  9:35  Drone  
  97  9:36  Drone x3  
  101  9:41  Drone  
  101  9:42  Drone x2  
  101  9:43  Drone  
  105  9:53  Drone x5  
  105  9:55  Drone  
  111  10:09  Zergling x4  
  111  10:11  Zergling x2  
  111  10:12  Zergling x2  
  109  10:19  Zergling x18  
  105  10:23  Zergling x4  
  105  10:27  Zergling x2  
  83  10:38  Zergling x14  
  89  10:49  Drone x4  
  93  10:50  Drone  
  94  11:03  Baneling x10  
  94  11:04  Baneling x3  
  94  11:18  Extractor  
  93  11:19  Extractor  
  93  11:20  Zergling x14  
  99  11:25  Hatchery  
  99  11:32  Zergling x20  
  108  11:43  Zergling x12  
  114  11:48  Extractor  
  114  11:51  Zergling x2  
  114  11:52  Zergling x8  
  118  12:07  Zergling x20  
  128  12:15  Zergling x6  
  131  12:18  Zergling x2  
  131  12:19  Zergling x6  
  131  12:20  Baneling x4  
  135  12:22  Zerg Melee Weapons Level 2  
  135  12:26  Zergling x2  
  135  12:27  Zergling x4  
  98  12:38  Zergling x14  
  95  12:44  Zergling x2  
  95  12:51  Zergling x12  
  89  12:54  Zergling x2  
  84  13:04  Spore Crawler  
  84  13:05  Zergling x6  
  81  13:26  Zergling x14  
  81  13:27  Zergling x2  
  78  13:34  Zergling x2  
  78  13:35  Zergling x4  
  78  13:40  Zergling x6  
  82  13:47  Zergling x6  
  81  13:53  Zergling x2  
  81  13:54  Zergling x2  
  65  14:06  Zergling x12  
  57  14:22  Zergling x6  
  57  14:23  Zergling x6  
  63  14:41  Zergling x16  
  71  14:50  Drone x3  
  74  15:02  Drone x5  
  79  15:11  Zergling x6  
  82  15:22  Baneling x7  
  82  15:23  Baneling x2  
  78  15:33  Zergling x2  
  78  15:34  Zergling x8  
  83  15:39  Drone x3  
Tags
 
Add a new tag
Caveats
  • Supply blocks, unpowered buildings, or Contaminate may cause inaccurate times.
  • Supply counts are checked every 10 seconds.